 Dungeon Crawl Stone Soup version 0.27-a0-1105-g946c659c87 (webtiles) character file.

Game seed: 2646662763903699342

536 sanka the Skirmisher (level 7, -3/54 HPs)
             Began as a Djinni Abyssal Knight on Apr 29, 2021.
             Was a Believer of Lugonu.
             Killed from afar by Dowan (18 damage)
             ... with a stone arrow
             ... on level 4 of the Dungeon.
             The game lasted 00:05:57 (5328 turns).

sanka the Skirmisher (Djinni Abyssal Knight)        Turns: 5328, Time: 00:05:58

Health: -3/54      AC:  4    Str: 11    XL:     7   Next: 25%
Gold:   184        EV: 13    Int: 16    God:    Lugonu [**....] SH:  0 Dex: 12

rFire    + + .     SeeInvis .   b - +4 quarterstaff (chaos)
rCold    x . .     Faith    .   (shield currently unavailable)
rNeg     . . .     Spirit   .   k - +0 leather armour
rPois    ∞         Reflect  .   (no helmet)
rElec    .         Harm     .   i - +0 cloak
rCorr    .         Rampage  .   (no gloves)
Will     .....                  (boots unavailable)
Stlth    +.........             (no amulet)
HPRegen  0.18/turn              (no ring)
MPRegen  0.00/turn              (no ring)

@: flying
A: fire resistance 2, cold vulnerability 1, float, innate caster, hp casting,
extra vitality 1
a: Renounce Religion, Depart the Abyss, Bend Space


You were on level 4 of the Dungeon.
You worshipped Lugonu.
Lugonu was pleased with you.
You visited 1 branch of the dungeon, and saw 4 of its levels.
You visited the Abyss 1 time.

You collected 184 gold pieces.


Innate Abilities, Weirdness & Mutations

You are immune to poison.
Your flesh is very heat resistant. (rF++)
You are vulnerable to cold. (rC-)
You float through the air rather than walking.
You learn spells naturally, not from books.
Your magical power is your life essence.
You have superior vitality. (+4 HP)


   Skills:
 + Level 5.1 Fighting
 - Level 2.2 Long Blades
 - Level 1.0 Armour
 + Level 5.1 Dodging
 + Level 3.2 Spellcasting
 - Level 1.7 Invocations


You had 6 spell levels left.
You knew the following spells:

 Your Spells              Type           Power      Damage    Failure   Level
y - Poisonous Vapours     Pois/Air       24%        N/A       10%         2
X - Summon Guardian Gole  Hex/Summ       12%        N/A       19%         3
Z - Corona                Hex            13%        N/A       6%          1
Your spell library was empty.

Inventory:

Hand Weapons
 a - a +1 dagger of venom
 b - a +4 quarterstaff of chaos (weapon)
 d - a +2 whip of pain
 g - a +1 falchion
Armour
 i - a +0 cloak (worn)
 k - a +0 leather armour (worn)
Wands
 n - a wand of flame (20)
Scrolls
 c - a scroll of identify {unknown}
 e - a scroll of immolation {unknown}
 o - a scroll of brand weapon {unknown}
 p - a scroll of vulnerability {unknown}
 q - 3 scrolls of enchant armour {unknown}
 s - a scroll of fear {unknown}
Potions
 f - 2 potions of curing {unknown}
 h - a potion of flight {unknown}
 j - 2 potions of degeneration {unknown}
 l - 2 potions of might {unknown}
 m - 2 potions of heal wounds {unknown}
 r - a potion of berserk rage {unknown}

Dungeon Overview and Level Annotations

Branches:
Dungeon (4/15)
 Temple: D:4-7

Altars:
Qazlal
Sif Muna

Shops:
D:1 [

Annotations:
D:4 Dowan, Sigmund

▒▒..▒.....▒ ▒....
.....
▒.........▒▒▒........
...
▒▒.........▒▒........
..▒▒▒▒.
▒▒....▒▒..▒..S......
....▒..
▒..▒▒▒▒.Z..........
....... ▒▒▒▒
▒....▒...(....
.......
▒▒▒▒▒..▒........
▒......
▒...▒Z▒▒.†......
..▒....
▒......nR....... .
▒....
▒.........▒e....
...... ▒▒...▒▒▒▒▒▒
... ..▒.... ▒▒.▒ .
.▒▒.... ▒. ▒.... ▒▒
▒.... ▒..▒▒ ▒. ▒ . ..


You could see a necrophage, Dowan (fast, poisoned), a ball python and a centaur
skeleton.


Message History

Aiming: Poisonous Vapours (safe; 11% risk of failure)
Aim: Duvessa, wielding a +0 rapier and wearing a +0 leather armour (almost dead, very poisoned) Poisonous vapours surround Duvessa!
* * * LOW HITPOINT WARNING * * *
You kill Duvessa!
Lugonu accepts your kill.
You hear a distant wail of despair.
Your Fighting skill increases to level 5!
Your Dodging skill increases to level 5!
Unknown command.
Dowan seems to find hidden reserves of power!
Aiming: Poisonous Vapours (safe; 10% risk of failure)
Aim: Dowan, wielding a +0 dagger and wearing a +2 robe of positive energy (moderately wounded, fast) Poisonous vapours surround Dowan!
* * * LOW HITPOINT WARNING * * *
Dowan is poisoned.
Dowan casts a spell.
Dowan blinks!
A ball python comes into view.
The ball python moves out of view.
Your +1 dagger of venom stops dripping with poison.
Your +4 quarterstaff of chaos is briefly surrounded by a scintillating aura of random colours.
b - a +4 quarterstaff of chaos (weapon)
The ball python hisses angrily.
Dowan casts a spell.
Dowan blinks!
There is a stone staircase leading up here.
Dowan casts a spell at you. The stone arrow hits you!!
You die...

Action                   |  1- 3 |  4- 6 |  7- 9 || total
-------------------------+-------+-------+-------++-------
Melee: Falchion          |    74 |       |       ||    74
       Dagger            |    26 |   163 |       ||   189
       Quarterstaff      |       |     6 |       ||     6
 Cast: Poisonous Vapours |       |     8 |     2 ||    10
Invok: Depart the Abyss  |     1 |       |       ||     1
 Stab: Sleeping          |     1 |       |       ||     1
Armor: Leather armour    |    35 |    40 |       ||    75
Dodge: Dodged            |    77 |   118 |       ||   195
       Rpst.: Falchion   |    22 |       |       ||    22

Levels and vault maps discovered:
D:1:      psy_arrival_spokes, layout_basic, serial_shops, shop
D:2:      layout_loops_corners, hellmonk_ecumenical_altar_arch_garden,
          kennysheep_pointless_box, corexii_shack, minmay_quantized,
          uniq_crazy_yiuf_cottage
D:3:      layout_basic, grunt_qazlal_sundering, chequers_mini_garden
D:4:      layout_cave_pools, general_overflow_altar, grunt_temple_overflow_open,
          uniq_sigmund, uniq_duvessa

Notes
Turn   | Place    | Note
-------+----------+-------------------------------------------
     0 | Abyss:1  | sanka the Djinni Abyssal Knight began the quest for the
                  | Orb.
     0 | Abyss:1  | Reached XP level 1. HP: 20/20 MP: 0/0
    75 | Abyss:1  | Noticed a jelly
   106 | D:1      | Escaped the Abyss
   374 | D:1      | Reached * piety under Lugonu
   539 | D:1      | Reached XP level 2. HP: 23/25 MP: 0/0
   592 | D:1      | Reached skill level 2 in Long Blades
   860 | D:1      | Found Ifyn's Armour Shoppe.
   890 | D:1      | Reached XP level 3. HP: 29/30 MP: 0/0
   890 | D:1      | Learned a level 1 spell: Corona
  1484 | D:2      | Reached skill level 1 in Spellcasting
  1582 | D:1      | HP: 1/30 [gnoll/+0 whip (4)]
  1597 | D:1      | HP: 1/30 [gnoll/+0 whip (1)]
  1609 | D:1      | Reached skill level 3 in Dodging
  1897 | D:2      | Reached XP level 4. HP: 27/36 MP: 0/0
  2370 | D:2      | Found a faded altar of an unknown god.
  2451 | D:2      | Found a runed translucent door.
  2452 | D:2      | Noticed Crazy Yiuf
  2801 | D:2      | Reached ** piety under Lugonu
  3179 | D:2      | Killed Crazy Yiuf
  3180 | D:2      | Reached skill level 4 in Fighting
  3180 | D:2      | Reached XP level 5. HP: 39/41 MP: 0/0
  3180 | D:2      | Learned a level 2 spell: Poisonous Vapours
  3457 | D:3      | Found a stormy altar of Qazlal.
  3586 | D:3      | Reached skill level 2 in Spellcasting
  4220 | D:4      | Noticed a necrophage
  4315 | D:3      | Killed a necrophage
  4316 | D:3      | Reached skill level 4 in Dodging
  4316 | D:3      | Reached XP level 6. HP: 19/48 MP: 0/0
  5085 | D:4      | Noticed Sigmund
  5289 | D:4      | Noticed Duvessa
  5291 | D:4      | Noticed Dowan
  5303 | D:4      | Noticed a necrophage
  5313 | D:4      | Reached skill level 3 in Spellcasting
  5313 | D:4      | Reached XP level 7. HP: 16/53 MP: 0/0
  5313 | D:4      | Learned a level 3 spell: Summon Guardian Golem
  5313 | D:4      | Killed Duvessa
  5314 | D:4      | Reached skill level 5 in Fighting
  5314 | D:4      | Reached skill level 5 in Dodging
  5328 | D:4      | Killed from afar by Dowan

Vanquished Creatures
  Duvessa (D:4)
  A necrophage (D:3)
  An ogre (D:4)
  A hound (D:3)
  Crazy Yiuf (D:2)
  An iguana (D:4)
  An orc wizard (D:4)
  5 adders
  3 gnolls
  2 worms (D:3)
  A dart slug (D:1)
  4 orcs
  4 bats
  6 endoplasms
  A giant cockroach (D:1)
  4 goblins (D:1)
  2 hobgoblins
  9 jackals
  6 kobolds
  4 quokkas
  6 ball pythons
  2 frilled lizards
  5 rats
71 creatures vanquished.

Vanquished Creatures (others)
  A plant (D:2)
1 creature vanquished.

Grand Total: 72 creatures vanquished
